 Dungeon Crawl Stone Soup version 0.24-a0-520-g8fd06ad0bc (webtiles) character file.

Game seed: 3063146803296851213

1681 vurker the Quickloader (level 9, -2/54 HPs)
             Began as a Kobold Hunter on July 27, 2019.
             Was a Believer of Okawaru.
             Slain by Erica
             ... wielding a +2 scimitar of flaming
              (11 damage)
             ... on level 9 of the Dungeon.
             The game lasted 00:14:23 (7806 turns).

vurker the Quickloader (Kobold Hunter)              Turns: 7806, Time: 00:14:24

Health: -2/54      AC: 14    Str: 17    XL:     9   Next: 21%
Magic:  13/13      EV: 16    Int: 16    God:    Okawaru [**....]
Gold:   201        SH:  0    Dex: 20    Spells: 8/8 levels left

rFire    . . .     SeeInvis .   b - +3 dagger (venom)
rCold    . . .     Gourm    .   (shield restricted)
rNeg     . . .     Faith    .   l - +1 plate armour
rPois    .         Spirit   .   (no helmet)
rElec    .         Reflect  .   (no cloak)
rCorr    .         Harm     .   g - +0 pair of gloves
MR       .....                  (no boots)
Stlth    ..........             (no amulet)
HPRegen  0.18/turn              j - +3 ring of intelligence
MPRegen  0.13/turn              (no ring)

@: mighty, agile, lethally poisoned (-2 -> -5), heroism, slowed, very slow
A: small, carnivore
a: Heroism, Renounce Religion


You were on level 9 of the Dungeon.
You worshipped Okawaru.
Okawaru was pleased with you.
You were completely stuffed.

You visited 2 branches of the dungeon, and saw 8 of its levels.

You collected 201 gold pieces.

Inventory:

Hand Weapons
 a - a +1 hand crossbow
 b - a +3 dagger of venom (weapon)
   (You took it off an orc wizard on level 5 of the Dungeon)
Armour
 g - a +0 pair of gloves (worn)
   (You found it on level 1 of the Dungeon)
 l - a +1 plate armour (worn)
   (You found it on level 2 of the Dungeon)
Jewellery
 j - a +3 ring of intelligence (left hand)
   (You found it on level 4 of the Dungeon)
Wands
 t - a wand of flame (54)
   (You found it on level 2 of the Dungeon)
Scrolls
 c - a scroll of teleportation
 f - 2 scrolls of remove curse
 h - a scroll of identify
 i - a scroll of blinking
Potions
 n - a potion of haste
 p - a potion of berserk rage {unknown}
Comestibles
 e - 11 rations


   Skills:
 + Level 5.2(10.2) Fighting
 - Level 5.0(10.0) Short Blades
 * Level 9.1(14.1) Crossbows
 - Level 2.4(7.4) Dodging
 - Level 1.3(6.3) Stealth
 * Level 5.6 Invocations
 + Level 4.8 Evocations


You had 8 spell levels left.
You didn't know any spells.
Your spell library contained the following spells:

 Spells                   Type           Power        Failure   Level  Hunger
 Shock                    Conj/Air       #...         100%        1    ##.....
 Swiftness                Chrm/Air       #.......     100%        2    ###....
 Static Discharge         Conj/Air       #.......     100%        3    ####...
 Airstrike                Air            #.........   100%        4    #####..
 Lightning Bolt           Conj/Air       #.........   100%        5    ######.


Dungeon Overview and Level Annotations

Branches:
Dungeon (6/15)             Temple (1/1) D:4

Altars:
Cheibriados
Dithmenos
Fedhas
Gozag
Hepliaklqana
Kikubaaqudgha
Makhleb
Nemelex Xobeh
Okawaru
Qazlal
Sif Muna
Trog
Uskayaw
Vehumet
Wu Jian
Xom
Yredelemnul
The Shining One

Shops:
D:3 *

Annotations:
D:6 3 runed translucent doors, psellion's ghost, amateur FoAK
D:9 Erica


Innate Abilities, Weirdness & Mutations

You are small and have problems with some larger weapons.
You are carnivorous and can eat meat at any time.


Message History

You feel yourself slow down.
You closely miss something.
You feel sick.
You hear some strange, mumbled words.
Something tries to affect you, but you resist.
You miss something.
You feel sick. Something hits you! Something burns you.
You hit something.
You feel sick. Something hits you. Something burns you.
You hit something.
You feel sick. Something hits you but does no damage.
You closely miss something. Something hits you but does no damage.
You hit something.
You feel sick. Something hits you!
* * * LOW HITPOINT WARNING * * *
Something burns you.
* * * LOW HITPOINT WARNING * * *
You completely miss something. Something hits you but does no damage.
Unknown command.
You miss something.
You feel sick.
You hear some strange, mumbled words.
Something tries to affect you, but you resist.
You miss something.
You feel sick. Something hits you!
* * * LOW HITPOINT WARNING * * *
Something burns you.
* * * LOW HITPOINT WARNING * * *
Okay, then.
You hit something. Something hits you but does no damage.
Unknown command.
You closely miss something.
You feel sick. Something hits you.
* * * LOW HITPOINT WARNING * * *
Something burns you.
* * * LOW HITPOINT WARNING * * *
You feel very mighty all of a sudden.
You feel sick. Something hits you but does no damage.
Something hits you but does no damage.
You completely miss something. Something hits you but does no damage.
You closely miss something.
You feel sick.
You feel agile all of a sudden. Something hits you but does no damage.
Something hits you!
You die...

..... ..... ..... ....#
#...# #...# #...# ..
#...# #...# (((#####...#
#...#
..((.......###...#######
(.....{@...............#
.......................#
...######...............
. #....####..####.
#....# #..# #. #....#
#..# #. #....# #..# #.
#...... ...# #.
................


There were no monsters in sight!

Vanquished Creatures
  An ice beast (D:5)
  A sky beast (D:6)
  A black bear (D:6)
  A phantom (D:5)
  3 ogres
  A bullfrog (D:9)
  A water moccasin skeleton (D:5)
  A scorpion (D:4)
  4 wights (D:6)
  3 crimson imps
  2 howler monkeys (D:6)
  2 jellies (D:5)
  4 hounds
  3 orc wizards
  5 worker ants
  4 gnolls (D:4)
  8 adders
  An ooze (D:3)
  A worm (D:2)
  3 dart slugs (D:2)
  3 leopard geckos
  10 orcs
  2 giant cockroaches
  5 goblins
  8 hobgoblins
  4 jackals
  3 quokkas
  9 bats
  5 frilled lizards
  3 kobolds
  9 rats
  2 withered plants (D:5)
113 creatures vanquished.

Notes
Turn   | Place    | Note
-------+----------+-------------------------------------------
     0 | D:1      | vurker the Kobold Hunter began the quest for the Orb.
     0 | D:1      | Reached XP level 1. HP: 12/12 MP: 1/1
   124 | D:1      | Reached skill level 1 in Short Blades
   124 | D:1      | Reached skill level 5 in Crossbows
   195 | D:1      | Reached XP level 2. HP: 13/18 MP: 2/2
   796 | D:2      | Reached XP level 3. HP: 22/22 MP: 3/3
  1171 | D:2      | Reached XP level 4. HP: 27/27 MP: 4/4
  1566 | D:2      | Found a deep blue altar of Sif Muna.
  2012 | D:3      | Reached skill level 1 in Evocations
  2047 | D:2      | Reached XP level 5. HP: 32/32 MP: 5/5
  2275 | D:3      | Reached skill level 6 in Crossbows
  2348 | D:3      | Found a hazy altar of Hepliaklqana.
  2470 | D:3      | Found an opulent altar of Gozag.
  2479 | D:3      | Found Gozag's Platinum Reserve.
  2662 | D:3      | Found an ancient bone altar of Kikubaaqudgha.
  2787 | D:3      | Found a hazy altar of Hepliaklqana.
  2887 | D:3      | Found an opulent altar of Gozag.
  2890 | D:3      | Found Gozag's Platinum Reserve.
  3203 | D:4      | You fall into a shaft and drop 1 floor!
  3203 | D:5      | Entered Level 5 of the Dungeon
  3438 | D:4      | Reached XP level 6. HP: 14/37 MP: 7/7
  3800 | D:4      | Found a staircase to the Ecumenical Temple.
  3817 | Temple   | Entered the Ecumenical Temple
  3870 | Temple   | Became a worshipper of Warmaster Okawaru
  4534 | D:4      | Reached skill level 1 in Invocations
  5001 | D:4      | Reached XP level 7. HP: 22/41 MP: 8/8
  5233 | D:5      | Reached skill level 5 in Short Blades
  5323 | D:5      | Reached skill level 7 in Crossbows
  5609 | D:5      | Found a basalt altar of Yredelemnul.
  5637 | D:5      | Reached * piety under Okawaru
  5935 | D:5      | Reached XP level 8. HP: 48/48 MP: 10/10
  6463 | D:5      | Found a shadowy altar of Dithmenos.
  6674 | D:5      | Found a basalt altar of Yredelemnul.
  6764 | D:5      | Found a shadowy altar of Dithmenos.
  6808 | D:5      | Reached skill level 8 in Crossbows
  7131 | D:6      | Found a runed translucent gate.
  7131 | D:6      | Found a runed translucent gate.
  7131 | D:6      | Found a runed translucent gate.
  7132 | D:6      | Noticed psellion's ghost (amateur FoAK)
  7266 | D:6      | Reached ** piety under Okawaru
  7302 | D:6      | Reached skill level 5 in Invocations
  7404 | D:6      | Reached XP level 9. HP: 51/53 MP: 12/12
  7528 | D:6      | Reached skill level 5 in Fighting
  7586 | D:6      | Found a shimmering altar of Xom.
  7587 | D:6      | Found a burning altar of Makhleb.
  7592 | D:6      | Reached skill level 9 in Crossbows
  7701 | D:6      | You fall into a shaft and drop 3 floors!
  7776 | D:9      | Noticed Erica
  7806 | D:9      | Slain by Erica

Levels and vault maps discovered:
D:1:      dpeg_arrival_line_fractal, layout_loops_ring, serial_forest,
          infiniplex_forest_clump_diagonal, infiniplex_forest_lined_3,
          infiniplex_forest_clump_diagonal, infiniplex_forest_clump_diagonal,
          infiniplex_forest_clump_tiny, infiniplex_forest_diagonal,
          infiniplex_forest_end_3, infiniplex_forest_lined_3,
          infiniplex_forest_lined_room_2
D:2:      layout_loops_ring, led_sif_pool, minmay_vboxes
D:3:      layout_basic, nicolae_gozag_zags_fifth_avenue,
          lemuel_zombie_altar_kikubaaqudgha, marbit_many_paths, first_ration,
          minmay_door_square
D:4:      layout_basic, minmay_temple_entry_ruins
D:5:      layout_layer_cave, yredelemnul_altar_generic, lemuel_doored_altar
D:6:      layout_gridville, grunt_temple_overflow_champion_of_chaos,
          serial_shops, nicolae_shop_window_shopping, ebering_ghost_rock_garden
D:9:      layout_small_grid, lemuel_round_altar, serial_shops, shop, uniq_erica
Temple:   nicolae_temple_god_jail

Skill      XL: |  1  2  3  4  5  6  7  8  9 |
---------------+----------------------------+-----
Short Blades   | 1 2 3 4 5 |  5.0
Crossbows      | 5 6 7 8 9 |  9.1
Evocations     | 1 2 3 4 |  4.8
Fighting       | 3 4 5 |  5.2
Invocations    | 1 3 5 |  5.6
Dodging        | |  2.4
Stealth        | |  1.3

Action                   |  1- 3 |  4- 6 |  7- 9 || total
-------------------------+-------+-------+-------++-------
Melee: Short sword       |    10 |       |       ||    10
       Dagger            |    87 |   203 |   267 ||   557
 Fire: Hand crossbow     |    10 |    17 |    91 ||   118
Invok: Heroism           |       |       |     2 ||     2
Evoke: Wand              |       |       |     3 ||     3
  Use: Scroll            |       |    16 |     3 ||    19
       Potion            |       |     4 |     3 ||     7
 Stab: Sleeping          |     2 |     1 |       ||     3
  Eat: Chunk             |     9 |    12 |     9 ||    30
Armor: Leather armour    |    22 |     3 |       ||    25
       Plate armour      |       |    93 |   110 ||   203
Dodge: Dodged            |    44 |    33 |    23 ||   100

Table legend:
 A = Non-vault XP
 B = Vault XP
 C = Vault XP percentage of total XP
 D = Non-vault monster count
 E = Vault monster count
 F = Vault count percentage of total count
                 A         B        C        D         E       F
            +---------+---------+-------+---------+---------+-------
      Total |    2320 |      82 |   3.4 |     102 |       9 |   8.1
            +---------+---------+-------+---------+---------+-------
        D:1 |      21 |       0 |   0.0 |      13 |       0 |   0.0
        D:2 |      93 |      30 |  24.4 |      17 |       7 |  29.2
        D:3 |      59 |       2 |   3.3 |      23 |       1 |   4.2
        D:4 |     310 |       0 |   0.0 |      14 |       0 |   0.0
        D:5 |     938 |       0 |   0.0 |      17 |       0 |   0.0
        D:6 |     805 |      50 |   5.8 |      14 |       1 |   6.7
        D:9 |      94 |       0 |   0.0 |       4 |       0 |   0.0
            +---------+---------+-------+---------+---------+-------
